 Dungeon Crawl Stone Soup version 0.21.1-1-g345015fe64 (webtiles) character file.

74 Oravi the Insei (level 4, -6/32 HPs)
             Began as a Merfolk Transmuter on Apr 18, 2018.
             Mangled by a gnoll
             ... wielding a +0 halberd
              (10 damage)
             ... on level 2 of the Dungeon.
             The game lasted 00:06:13 (1978 turns).

Oravi the Insei (Merfolk Transmuter)                Turns: 1978, Time: 00:06:13

Health: -6/32      AC:  2    Str:  8 (10) XL:     4   Next: 30%
Magic:  7/7        EV: 21    Int: 12 (13) God:
Gold:   203        SH:  0    Dex: 18 (19) Spells: 1/7 levels left

rFire    . . .     SeeInvis .     - Unarmed
rCold    . . .     Gourm    .   (shield currently unavailable)
rNeg     . . .     Faith    .   (armour currently unavailable)
rPois    x         Spirit   .   (helmet currently unavailable)
rElec    .         Reflect  .   (cloak currently unavailable)
rCorr    .         Harm     .   (gloves currently unavailable)
MR       .....                  (boots currently unavailable)
Stlth    ++........             (no amulet)
HPRegen  0.10/turn              (no ring)
MPRegen  0.10/turn              (no ring)

@: spider-form (expiring), hasted, very quick
A: tiny, (change form in water), (swift swim), (stealthy swim)
a: End Transformation


You were on level 2 of the Dungeon.
You were hungry.
You were a venomous arachnid creature.
You visited 1 branch of the dungeon, and saw 2 of its levels.

You collected 203 gold pieces.

Inventory:

Missiles
 a - 12 arrows
Armour
 b - a +0 robe (melded)
 e - a +0 helmet
 q - a +0 ring mail of fire resistance
Scrolls
 g - 3 scrolls of identify {unknown}
 h - a scroll of fear {unknown}
 i - 2 scrolls of teleportation {unknown}
 o - 2 scrolls of amnesia {unknown}
 p - a scroll of noise {unknown}
Potions
 f - a potion of degeneration
 l - 2 potions of brilliance
 m - a potion of heal wounds {unknown}
 n - a potion of agility {unknown}
 s - a potion of ambrosia {unknown}
Books
 c - a book of Changes

   Spells                             Type                      Level
   a - Beastly Appendage              Transmutation                1
   b - Sticks to Snakes               Transmutation                2
   c - Spider Form                    Transmutation/Poison         3
   d - Ice Form                       Ice/Transmutation            4
   e - Blade Hands                    Transmutation                5
Comestibles
 d - 3 rations
 r - 5 chunks of flesh


   Skills:
 + Level 1.2 Fighting
 + Level 2.9 Dodging
 + Level 4.6 Unarmed Combat
 - Level 2.0 Spellcasting
 * Level 3.9 Transmutations
 * Level 1.0 Poison Magic


You had one spell level left.
You knew the following spells:

 Your Spells              Type           Power        Failure   Level  Hunger
a - Beastly Appendage     Tmut           ##....       16%         1    ##.....
b - Sticks to Snakes      Tmut           ##......     22%         2    ###....
c - Spider Form           Tmut/Pois      #.........   52%         3    ####...


Dungeon Overview and Level Annotations

Branches:
Dungeon (2/15)

Altars:
Trog
Xom
The Shining One


Message History

You turn into a venomous arachnid creature.
Your +0 robe melds into your body.
You are feeling hungry.
You climb downwards.
The gnoll hits you with a whip! The gnoll hits you with a halberd!
Ouch! That really hurt!
* * * LOW HITPOINT WARNING * * *
The gnoll hits you with a whip.
* * * LOW HITPOINT WARNING * * *
There is a stone staircase leading up here.
It was a potion of degeneration.
There was something very wrong with that liquid.
You feel weakened.
You feel dopey.
You feel clumsy. The gnoll barely misses you. The gnoll misses you.
It was a potion of magic.
Magic courses through your body.
Your transformation is almost over.
The gnoll completely misses you. The gnoll closely misses you.
It was a potion of haste.
You feel yourself speed up. The gnoll misses you.
The gnoll hits you with a halberd!
You die...

########## #........#######
#.######)......##############
#.# #######.#.....§§.§...#
#.# #.#.###.P.P§##.## #.#
#.#.# #§§§§§##... #.# ##.#.#
##P§§§##### #.# #####g...#
####...).. ####.# #....s...#
#........ <(...#
#.##g....#####.#.##### ######
#.#...................
#g#......#####.#....## #
#.#......#####.#....## ####
#.#.##................ #..#
#.#. #######.....#..## ##.#
#.#. #8....##... ##.# #.#
#.PP)###.##


You could see 2 gnolls.

Vanquished Creatures
  A gnoll (D:1)
  A worker ant zombie (D:2)
  An adder (D:2)
  An adder zombie (D:2)
  An adder skeleton (D:2)
  A dart slug (D:1)
  A leopard gecko (D:1)
  A bat skeleton (D:2)
  2 giant cockroaches (D:1)
  4 goblins
  3 hobgoblins
  3 jackals (D:1)
  A quokka (D:2)
  3 bats
  2 frilled lizards
  6 kobolds
  3 rats
  A fungus (D:1)
36 creatures vanquished.

Notes
Turn   | Place    | Note
-------+----------+-------------------------------------------
     0 | D:1      | Oravi the Merfolk Transmuter began the quest for the Orb.
     0 | D:1      | Reached XP level 1. HP: 15/15 MP: 3/3
   220 | D:1      | Found a glowing golden altar of the Shining One.
   298 | D:1      | Reached XP level 2. HP: 21/21 MP: 3/5
   371 | D:1      | Reached skill level 4 in Unarmed Combat
   505 | D:1      | Reached XP level 3. HP: 5/26 MP: 4/6
   764 | D:1      | Learned a level 2 spell: Sticks to Snakes
   768 | D:1      | Learned a level 3 spell: Spider Form
  1406 | D:2      | Reached XP level 4. HP: 31/32 MP: 3/7
  1502 | D:2      | Found a bloodstained altar of Trog.
  1819 | D:2      | Reached skill level 1 in Poison Magic
  1822 | D:2      | Found a shimmering altar of Xom.
  1978 | D:2      | Mangled by a gnoll

Skill      XL: |  1  2  3  4 |
---------------+-------------+-----
Transmutations | 3 |  3.9
Unarmed Combat | 4 |  4.6
Poison Magic   | 1 |  1.0
Fighting       | |  1.2
Dodging        | |  2.9
Spellcasting   | |  2.0

Action                   |  1- 3 |  4- 6 || total
-------------------------+-------+-------++-------
Melee: Unarmed           |   107 |    25 ||   132
       Headbutt          |    10 |       ||    10
 Cast: Beastly Appendage |     8 |       ||     8
       Spider Form       |     6 |     6 ||    12
  Use: Potion            |     1 |     3 ||     4
 Stab: Sleeping          |     1 |       ||     1
  Eat: Chunk             |     2 |       ||     2
       Ration            |       |     1 ||     1
Armor: Robe              |    11 |       ||    11
       Skin              |     2 |     1 ||     3
Dodge: Dodged            |    67 |    35 ||   102
